 Dungeon Crawl Stone Soup version 0.23.2-1-ga50397a (webtiles) character file.

Game seed: 16861063688606368627

83204 mrath the Basher (level 15, -2/120 HPs)
             Began as a Minotaur Fighter on Apr 18, 2019.
             Was the Champion of Hepliaklqana.
             Slain by a water moccasin (6 damage)
             ... on level 14 of the Dungeon on May 2, 2019.
             The game lasted 03:47:16 (27007 turns).

mrath the Basher (Minotaur Fighter)                Turns: 27007, Time: 03:47:16

Health: -2/120     AC: 23    Str: 31    XL:     15   Next: 31%
Magic:  22/22      EV: 14    Int:  3    God:    Hepliaklqana [******]
Gold:   2546       SH: 19    Dex:  9    Spells: 14/14 levels left

rFire    + + .     SeeInvis +   S - +1 flail (protect)
rCold    . . .     Gourm    .   M - +1 shield {rF+}
rNeg     . . .     Faith    .   H - +2 chain mail {rF+}
rPois    .         Spirit   .   (helmet restricted)
rElec    .         Reflect  +   T - +1 cloak {MR+}
rCorr    .         Harm     .   C - +1 pair of gloves {Str+3}
MR       ++...                  (no boots)
Stlth    ..........             i - +4 amulet of reflection
HPRegen  0.30/turn              m - ring of see invisible
MPRegen  0.18/turn              V - +4 ring of protection

@: no status effects
A: retaliatory headbutt, reduced essence, horns 2, dopey 1
a: Recall Ancestor, Ancestor Identity, Transference, Idealise, Renounce Religion


You were on level 14 of the Dungeon.
You worshipped Hepliaklqana.
Hepliaklqana was exalted by your worship.
You were not hungry.

You visited 4 branches of the dungeon, and saw 23 of its levels.
You also visited: Sewer and Volcano.

You collected 2546 gold pieces.

Inventory:

Hand Weapons
 d - a +4 quarterstaff of chaos
 e - a +0 whip of flaming
 o - a +0 mace of draining
 v - a +0 blowgun
 S - a +1 flail of protection (weapon)
Missiles
 r - 134 poisoned needles
 N - 4 tomahawks of returning (quivered)
 Y - 9 tomahawks
Armour
 s - +0 acid dragon scales
 t - a +0 cloak of poison resistance
 C - a +1 pair of gloves of strength (worn)
 H - a +2 chain mail of fire resistance (worn)
 M - a +1 shield of fire resistance (worn)
 Q - a +1 pair of gloves
 T - a +1 cloak of magic resistance (worn)
Jewellery
 i - a +4 amulet of reflection (around neck)
 l - an uncursed ring of poison resistance {unknown}
 m - a ring of see invisible (left hand)
 A - the ring "Ginoth" {Str+3 Stlth-}
   (You found it on level 4 of the Dungeon)

   [ring of attention]

   It affects your strength (+3).
   It makes you less stealthy.
 O - an uncursed ring of fire
 V - a +4 ring of protection (right hand)
 W - an uncursed ring of ice
Wands
 a - a wand of paralysis (14)
 c - a wand of random effects (33)
 n - a wand of enslavement (12)
 w - a wand of digging (3)
 x - a wand of clouds (10)
 y - a wand of polymorph (9)
 U - a wand of flame (23)
Scrolls
 b - 5 scrolls of blinking
 g - 5 scrolls of identify
 h - 7 scrolls of remove curse
 p - 3 scrolls of fear
 q - 4 scrolls of magic mapping
 E - 2 scrolls of enchant armour
 J - 12 scrolls of teleportation
Potions
 k - 4 potions of resistance
 u - 11 potions of curing
 z - a potion of magic {unknown}
 D - a potion of heal wounds
 F - a potion of lignification {unknown}
 L - a potion of might
 P - 3 potions of agility
Miscellaneous
 j - a fan of gales
Comestibles
 f - 28 rations
 B - 5 chunks of flesh


   Skills:
 + Level 12.9 Fighting
 + Level 14.5 Maces & Flails
 + Level 13.1 Armour
 + Level 11.5 Dodging
 + Level 13.0 Shields
 + Level 10.8 Invocations
 + Level 6.6 Evocations


You had 14 spell levels left.
You didn't know any spells.
Your spell library contained the following spells:

 Spells                   Type           Power        Failure   Level  Hunger
 Confusing Touch          Hex            #.....       95%         1    ##.....
 Corona                   Hex            #......      95%         1    ##.....
 Pain                     Necr           #...         95%         1    ##.....
 Summon Small Mammal      Summ           #...         95%         1    ##.....
 Call Imp                 Summ           #.......     98%         2    ###....
 Corpse Rot               Necr           N/A          98%         2    ###....
 Ensorcelled Hibernation  Hex/Ice        #.....       98%         2    ###....
 Slow                     Hex            #.......     98%         2    ###....
 Call Canine Familiar     Summ           #.......     100%        3    ####...
 Confuse                  Hex            #.......     100%        3    ####...
 Gell's Gravitas          Tloc           #.........   100%        3    ####...
 Inner Flame              Hex/Fire       #.......     100%        3    ####...
 Portal Projectile        Hex/Tloc       #.....       100%        3    ####...
 Stone Arrow              Conj/Erth      #.....       100%        3    ####...
 Summon Guardian Golem    Hex/Summ       #.......     100%        3    ####...
 Vampiric Draining        Necr           #.........   100%        3    ####...
 Animate Dead             Necr           N/A          100%        4    #####..
 Cause Fear               Hex            #.........   100%        4    #####..
 Leda's Liquefaction      Hex/Erth       #.........   100%        4    #####..
 Petrify                  Tmut/Erth      #.......     100%        4    #####..
 Summon Ice Beast         Ice/Summ       #.......     100%        4    #####..
 Summon Lightning Spire   Summ/Air       #.......     100%        4    #####..
 Borgnjor's Vile Clutch   Necr/Erth      #.........   100%        5    ######.
 Dispel Undead            Necr           #.......     100%        5    ######.
 Irradiate                Conj/Tmut      #.........   100%        5    ######.
 Metabolic Englaciation   Hex/Ice        #.........   100%        5    ######.
 Silence                  Hex/Air        #.........   100%        5    ######.
 Summon Forest            Summ/Tloc      #.........   100%        5    ######.
 Summon Mana Viper        Hex/Summ       #.......     100%        5    ######.
 Yara's Violent Unravell  Hex/Tmut       #.........   100%        5    ######.
 Darkness                 Hex            #.........   100%        6    #######
 Hydra Form               Tmut           #.........   100%        6    #######
 Shadow Creatures         Summ           N/A          100%        6    #######
 Statue Form              Tmut/Erth      #........    100%        6    #######
 Dragon Form              Tmut           #.........   100%        7    #######
 Summon Hydra             Summ           #.........   100%        7    #######


Dungeon Overview and Level Annotations

Branches:
Dungeon (14/15)            Temple (1/1) D:5            Lair (6/6) D:8
 Spider (0/4) Lair:4        Slime (0/5) Lair:5          Orc (2/2) D:12
  Swamp: Lair:2-4    Shoals: Lair:2-4       Elf: Orc:2       Vaults: D:13-14

Altars:
Ashenzari
Cheibriados
Dithmenos
Elyvilon
Fedhas
Hepliaklqana
Makhleb
Okawaru
Qazlal
Ru
Sif Muna
Trog
Uskayaw
Wu Jian
Xom
Zin
The Shining One
Beogh
Jiyva

Shops:
D:5 %   D:7 (   D:9 *   Orc:2 (*

Annotations:
Lair:3 exclusion: oklob plant


Innate Abilities, Weirdness & Mutations

You reflexively headbutt those who attack you in melee.
You have a pair of horns on your head.
Your life essence is reduced to manifest your ancestor. (-10% HP)
You are dopey. (Int -2)


Message History

You block the troll's attack. The troll barely misses you.
You block the troll's attack. You block the water moccasin's attack.
You block the orc warrior's attack. The orc warrior misses you.
You block the fire dragon's attack. The fire dragon closely misses you. x2
An ironheart preserver comes into view. It is wielding a +0 morningstar.
The ironheart preserver shouts!
The troll seems less drained.
You block the crocodile's attack. The fire dragon breathes flames at you.
The blast of flame misses you. You block the water moccasin's attack.
The crocodile misses you. You furiously retaliate!
You headbutt the crocodile.
Found 15 gold pieces.
The crocodile misses you. You furiously retaliate!
You headbutt the crocodile. The fire dragon bites you!
* * * LOW HITPOINT WARNING * * *
You block the fire dragon's attack. x2
You block the fire dragon's attack. x2
The fire dragon tramples you but does no damage.
The water moccasin bites you.
You die...

#.......)# #########T.#
#####......
##.#)....#.(#....$#......
##..#.....#))#.....#......
##...#.....#.)#.....#......
##....#.....'..'.... #......
##<....#.....'..'.. #.)....
#......#######..#######...>..
##...)..(...@Spt.............
##...(......Do..............
##...####''#TR#''####......
##..#..)..#○.# ....#......
##.#.....#○.# ...#o.....
###.....#.°# ..#......
#.....#..# .#......
#(....#..# #......
######.°#######......


You could see an ironheart preserver, a fire dragon, a troll, an efreet, an orc
warrior, a water moccasin and a crocodile.

Vanquished Creatures
  Rupert (D:13)
  Kirke (D:12)
  Nessos (D:13)
  Azrael (D:14)
  The ghost of dhn the Cleaver, a journeyman MiFi (D:10)
  Harold (D:11)
  A merfolk avatar (Lair:6)
  4 hydras
  3 death yaks
  9 two-headed ogres
  An ogre mage (Volcano)
  A hell knight (Volcano)
  Sonja (D:12)
  3 skeletal warriors (D:12)
  2 orc knights
  2 harpies (Lair:6)
  An orb spider (Lair:4)
  A cyclops (D:11)
  6 orc sorcerers
  A deep elf mage (D:13)
  2 manticores (Lair:6)
  3 ugly things
  A centaur zombie (D:13)
  Joseph (D:7)
  2 gargoyles
  Psyche (D:11)
  3 elephants (Lair:6)
  6 spiny frogs
  2 molten gargoyles (Volcano)
  A black mamba (Lair:6)
  A torpor snail (Lair:6)
  4 rime drakes
  4 komodo dragons
  An efreet (D:14)
  A tengu conjurer (D:13)
  6 trolls
  6 meliai
  8 polar bears
  3 hornets
  A bog body (Lair:3)
  12 blink frogs
  A slime creature (D:8)
  5 hippogriffs
  2 shadows
  2 vampires
  A spriggan (shapeshifter) (D:13)
  7 wyverns
  6 hogs
  A wraith (D:11)
  A fire bat (Volcano)
  3 fire elementals (D:14)
  4 hungry ghosts
  53 yaks
  A human (D:8)
  2 basilisks
  Menkaure (D:7)
  2 swamp worms (Lair:3)
  2 soldier ants
  5 wargs
  An acid dragon (D:13)
  6 water moccasins
  A hell hound (D:14)
  8 porcupines
  3 ice beasts
  2 sky beasts
  16 orc warriors
  A necrophage (D:9)
  A phantom (D:4)
  20 wolves
  2 hornet zombies (D:8)
  An eye of draining (D:12)
  10 ogres
  16 centaurs
  8 crocodiles
  10 bullfrogs
  2 big kobolds
  A wyvern zombie (D:9)
  A wyvern skeleton (D:12)
  5 scorpions
  4 killer bees (D:9)
  9 wights
  A howler monkey (D:8)
  2 bullfrog zombies
  8 crimson imps
  3 lava snakes (Volcano)
  2 quasits
  6 jellies
  4 hounds
  35 orc wizards
  A centaur skeleton (D:5)
  11 orc priests
  Crazy Yiuf (D:2)
  3 bullfrog skeletons
  4 iguanas
  A hexer (D:8)
  12 worker ants
  2 bullfrog simulacra (D:10)
  2 hound zombies
  2 hound skeletons (D:8)
  2 worker ant zombies (D:8)
  2 gnolls (D:5)
  19 adders
  2 hound simulacra (D:10)
  2 shadow imps
  11 oozes
  An adder zombie (D:8)
  2 worms
  2 dart slugs
  2 leopard geckos
  54 orcs
  13 giant cockroaches
  7 goblins
  6 hobgoblins
  12 jackals
  11 quokkas
  2 ball pythons
  5 bats
  5 frilled lizards
  24 kobolds
  A leopard gecko skeleton (D:5)
  18 rats
  A plant (Lair:6)
642 creatures vanquished.

Vanquished Creatures (collateral kills)
  A hydra (Lair:2)
  Erica (D:10)
  A death yak (Lair:6)
  A manticore (Lair:6)
  Maurice (D:12)
  2 rime drakes
  A centaur skeleton (D:10)
  2 kobold demonologists (D:13)
  2 trolls (D:10)
  A meliai (D:13)
  4 blink frogs
  A polar bear (Lair:6)
  A bog body (Lair:3)
  A hornet (Lair:6)
  2 hippogriffs
  Grum (D:10)
  A wraith (D:11)
  2 fire elementals (D:14)
  A basilisk (Lair:6)
  A fire bat (Volcano)
  A wyvern (Lair:6)
  12 yaks
  A hog (D:12)
  2 wargs
  A swamp worm (Lair:3)
  A water moccasin (Lair:6)
  2 porcupines
  2 orc warriors
  2 sky beasts (D:8)
  2 black bears
  2 ice beasts (D:10)
  7 wolves
  A centaur (D:12)
  3 crocodiles
  A bullfrog (D:10)
  A big kobold (D:8)
  2 killer bees (D:9)
  5 wights
  A howler monkey (D:8)
  2 crimson imps
  A lava snake (Volcano)
  A hound (D:9)
  A jelly (D:13)
  4 orc wizards
  2 orc priests
  An iguana (D:12)
  A worker ant (D:5)
  A howler monkey zombie (D:5)
  A gnoll (D:5)
  2 worker ant zombies (D:8)
  2 adders
  A shadow imp (D:8)
  A white imp (D:10)
  A worker ant simulacrum (D:10)
  4 oozes (Lair:3)
  3 leopard geckos
  19 orcs
  3 giant cockroaches
  4 jackals
  5 kobolds
  A quokka (D:7)
  A bat (Sewer)
  2 frilled lizards
141 creatures vanquished.

Vanquished Creatures (others)
  A cyclops (D:13)
  4 centaurs
  A jelly (D:14)
  22 hexers
  An ancestor (D:5)
  An orc (Orc:2)
  A kobold (D:11)
  21 fungi
  9 plants (Lair:6)
61 creatures vanquished.

Grand Total: 844 creatures vanquished

Notes
Turn   | Place    | Note
-------+----------+-------------------------------------------
     0 | D:1      | mrath the Minotaur Fighter began the quest for the Orb.
     0 | D:1      | Reached XP level 1. HP: 19/19 MP: 0/0
    83 | D:1      | Reached skill level 3 in Maces & Flails
   179 | D:1      | Reached XP level 2. HP: 23/26 MP: 1/1
   430 | D:1      | Reached skill level 4 in Maces & Flails
   559 | D:1      | Reached XP level 3. HP: 31/31 MP: 2/2
   808 | D:2      | Reached skill level 5 in Maces & Flails
  1243 | D:2      | Reached XP level 4. HP: 39/39 MP: 3/3
  1636 | D:2      | Found a runed translucent door.
  1637 | D:2      | Noticed Crazy Yiuf
  1642 | D:2      | Killed Crazy Yiuf
  1700 | D:3      | Reached skill level 6 in Maces & Flails
  1716 | D:3      | Noticed an ogre
  1718 | D:3      | Killed an ogre
  1718 | D:3      | Reached skill level 7 in Maces & Flails
  1718 | D:3      | Reached XP level 5. HP: 29/45 MP: 4/4
  1720 | D:3      | Noticed an ogre
  1966 | D:3      | Killed an ogre
  1966 | D:3      | Reached XP level 6. HP: 50/51 MP: 5/5
  2095 | D:3      | Found a faded altar of an unknown god.
  2108 | D:3      | Reached skill level 8 in Maces & Flails
  2114 | D:3      | Found a deep blue altar of Sif Muna.
  2703 | D:4      | Reached skill level 1 in Dodging
  2846 | D:4      | Found a hide-covered altar of Uskayaw.
  2857 | D:4      | Found a shattered altar of Ashenzari.
  2866 | D:4      | Found a burning altar of Makhleb.
  2876 | D:4      | Found a hazy altar of Hepliaklqana.
  2880 | D:4      | Became a worshipper of Hepliaklqana the Forgotten
  2887 | D:4      | Found a shadowy altar of Dithmenos.
  2896 | D:4      | Found a snail-covered altar of Cheibriados.
  2901 | D:4      | Found a white marble altar of Elyvilon.
  3193 | D:4      | Got a glittering lead ring
  3354 | D:4      | Identified the ring "Ginoth" {Str+3 Stlth-} (You found it
                  | on level 4 of the Dungeon)
  3357 | D:5      | Entered Level 5 of the Dungeon
  3399 | D:5      | Reached XP level 7. HP: 51/53 MP: 6/6
  3622 | D:5      | Reached skill level 1 in Invocations
  3725 | D:5      | Found Elasogu's Food Boutique.
  3754 | D:5      | Found a blossoming altar of Fedhas.
  3943 | D:5      | Found an iron altar of Okawaru.
  3944 | D:5      | Found a bloodstained altar of Trog.
  4097 | D:5      | Reached * piety under Hepliaklqana
  4112 | D:5      | Found a staircase to the Ecumenical Temple.
  4118 | Temple   | Entered the Ecumenical Temple
  4713 | D:6      | Found a glowing drain.
  4740 | Sewer    | Entered a sewer
  5055 | D:6      | Reached XP level 8. HP: 60/60 MP: 8/8
  5072 | D:6      | Reached skill level 5 in Fighting
  5072 | D:6      | Reached skill level 5 in Armour
  5072 | D:6      | Reached skill level 5 in Shields
  5163 | D:6      | Reached ** piety under Hepliaklqana
  5164 | D:6      | Remembered your ancestor Septimus as a hexer
  5547 | D:7      | Noticed Joseph
  5558 | D:7      | Killed Joseph
  5558 | D:7      | Reached skill level 9 in Maces & Flails
  5690 | D:7      | Noticed Menkaure
  5703 | D:7      | Killed Menkaure
  5757 | D:7      | Found Meugiac's Weapon Emporium.
  5767 | D:7      | Reached XP level 9. HP: 64/67 MP: 10/10
  5926 | D:6      | Found a burning altar of Makhleb.
  6673 | D:8      | Found a staircase to the Lair.
  6772 | D:8      | Reached skill level 5 in Dodging
  6840 | D:8      | Found a sacrificial altar of Ru.
  6849 | D:8      | Reached *** piety under Hepliaklqana
  6952 | D:8      | Reached skill level 10 in Maces & Flails
  7151 | D:8      | Reached XP level 10. HP: 69/77 MP: 12/12
  7170 | D:8      | Identified Rasel's Reference Book on Enthralling Black
                  | Magic
  7224 | D:8      | Reached skill level 5 in Invocations
  7900 | D:8      | Found a glowing golden altar of the Shining One.
  8302 | Lair:1   | Entered Level 1 of the Lair of Beasts
  8305 | Lair:1   | Noticed a four-headed hydra
  8314 | Lair:1   | Killed a four-headed hydra
  8654 | Lair:1   | Reached skill level 11 in Maces & Flails
  8785 | Lair:1   | Reached XP level 11. HP: 66/85 MP: 14/14
  9091 | Lair:1   | Noticed a four-headed hydra
  9396 | Lair:1   | Killed a four-headed hydra
  9835 | Lair:1   | Reached **** piety under Hepliaklqana
 10385 | Lair:2   | Noticed a four-headed hydra
 10392 | Lair:2   | Killed a four-headed hydra
 10759 | Lair:2   | Reached ***** piety under Hepliaklqana
 10810 | Lair:2   | Noticed an eight-headed hydra
 10832 | Lair:1   | Killed an eight-headed hydra
 11142 | Lair:1   | Reached XP level 12. HP: 59/95 MP: 16/16
 11313 | Lair:2   | Reached skill level 10 in Armour
 11331 | Lair:2   | Reached skill level 12 in Maces & Flails
 11556 | Lair:2   | Reached skill level 10 in Shields
 12178 | Lair:3   | Reached skill level 10 in Fighting
 13246 | Lair:3   | Reached skill level 1 in Evocations
 14253 | Lair:4   | Found a hole to the Spider Nest.
 14575 | Lair:4   | Found a dark tunnel.
 14589 | Volcano  | Entered a volcano
 14922 | Volcano  | Found a bloodstained altar of Trog.
 14922 | Volcano  | Noticed a two-headed ogre
 14922 | Volcano  | Noticed a two-headed ogre
 14922 | Volcano  | Noticed an ogre mage
 14922 | Volcano  | Noticed a two-headed ogre
 14930 | Volcano  | Killed a two-headed ogre
 14939 | Volcano  | Killed a two-headed ogre
 14944 | Volcano  | Killed a two-headed ogre
 14947 | Volcano  | Killed an ogre mage
 15059 | Volcano  | Noticed a two-headed ogre
 15067 | Volcano  | Killed a two-headed ogre
 15128 | Volcano  | Reached XP level 13. HP: 97/103 MP: 18/18
 15748 | Lair:5   | Found a staircase to the Slime Pits.
 15772 | Lair:5   | Found a viscous altar of Jiyva.
 16194 | Lair:5   | Reached ****** piety under Hepliaklqana
 16572 | Lair:6   | Entered Level 6 of the Lair of Beasts
 16897 | Lair:6   | Reached skill level 13 in Maces & Flails
 17546 | Lair:6   | Reached skill level 10 in Dodging
 18642 | Lair:6   | Reached XP level 14. HP: 86/112 MP: 20/20
 18935 | Lair:6   | Got a scorched plate armour
 18942 | Lair:6   | Got a scorched rapier
 19186 | Lair:1   | Identified the +7 plate armour of the Cast Vote {*Slow
                  | Int+8} (You found it on level 6 of the Lair of Beasts)
 19258 | D:9      | Found a glowing silver altar of Zin.
 19258 | D:9      | Found Vontaez's Hallowed Reliquary.
 19336 | D:9      | Noticed an angel
 19619 | D:9      | Reached skill level 5 in Evocations
 20038 | D:10     | Entered Level 10 of the Dungeon
 20038 | D:10     | Noticed Grum
 20053 | D:10     | Killed Grum
 20054 | D:10     | Found a runed translucent gate.
 20094 | D:10     | Found a runed translucent gate.
 20094 | D:10     | Found a runed translucent gate.
 20113 | D:10     | Noticed dhn's ghost (journeyman MiFi)
 20141 | D:10     | Killed dhn's ghost
 20248 | D:10     | Noticed Erica
 20254 | D:10     | Killed Erica
 21247 | D:11     | Reached skill level 10 in Invocations
 21326 | D:11     | Noticed Harold
 21590 | D:11     | Noticed Psyche
 21597 | D:11     | Killed Psyche
 21643 | D:11     | Killed Harold
 22490 | D:12     | Reached skill level 14 in Maces & Flails
 22511 | D:12     | Noticed Kirke
 22541 | D:12     | Killed Kirke
 22733 | D:12     | Noticed Maurice
 22847 | D:12     | Killed Maurice
 22936 | D:12     | Noticed Sonja
 22941 | D:12     | Killed Sonja
 23116 | D:12     | Found a staircase to the Orcish Mines.
 23822 | Orc:1    | Entered Level 1 of the Orcish Mines
 24035 | Orc:2    | Entered Level 2 of the Orcish Mines
 25067 | Orc:2    | Found Mujo's Weapon Boutique.
 25134 | Orc:2    | Found Jihyvvus's Assorted Antiques.
 25138 | Orc:2    | Gained mutation: You are dopey. (Int -2) [a neqoxec]
 25147 | Orc:2    | Reached XP level 15. HP: 107/120 MP: 21/21
 25201 | Orc:2    | Found a roughly hewn altar of Beogh.
 26095 | D:13     | Noticed Rupert
 26127 | D:13     | Paralysed by Rupert for 4 turns
 26488 | D:13     | Noticed Nessos
 26497 | D:13     | Killed Nessos
 26759 | D:13     | Killed Rupert
 26903 | D:14     | Noticed Azrael
 26919 | D:14     | Killed Azrael
 27006 | D:14     | HP: 4/120 [fire dragon (14)]
 27007 | D:14     | Slain by a water moccasin

Skill      XL: |  1  2  3  4  5  6  7  8  9 10 11 12 13 14 15 |
---------------+----------------------------------------------+-----
Maces & Flails | 3 4 5 7 8 9 10 11 12 13 14 | 14.5
Dodging        | 1 2 4 5 6 8 9 10 11 | 11.5
Fighting       | 4 6 7 8 9 10 11 12 | 12.9
Shields        | 4 6 7 8 9 10 11 12 13 | 13.0
Armour         | 4 6 7 8 9 11 12 13 | 13.1
Invocations    | 2 3 4 6 7 8 9 10 | 10.8
Evocations     | 3 4 6 |  6.6

Action                   |  1- 3 |  4- 6 |  7- 9 | 10-12 | 13-15 || total
-------------------------+-------+-------+-------+-------+-------++-------
Melee: Flail             |   107 |   112 |   321 |   140 |   324 ||  1004
       Headbutt          |    14 |    23 |    66 |   123 |   316 ||   542
       Morningstar       |       |       |       |   450 |   974 ||  1424
Throw: Tomahawk          |       |     1 |     5 |    29 |    30 ||    65
Invok: Ancestor Life: He |       |       |     1 |       |       ||     1
       Ancestor Identity |       |       |     1 |       |       ||     1
       Idealise          |       |       |       |     3 |     5 ||     8
       Recall Ancestor   |       |       |       |       |     1 ||     1
  Use: Potion            |       |     1 |       |     2 |     6 ||     9
       Scroll            |       |     2 |     3 |     8 |    14 ||    27
 Stab: Confused          |       |       |     2 |     3 |     8 ||    13
       Distracted        |       |       |     2 |     5 |    16 ||    23
       Paralysed         |       |       |       |       |     6 ||     6
  Eat: Chunk             |     1 |     7 |    11 |    12 |    23 ||    54
       Ration            |       |       |     1 |     4 |     5 ||    10
Armor: Scale mail        |    34 |    12 |       |       |       ||    46
       Chain mail        |       |    27 |    98 |       |   425 ||   550
       Plate armour      |       |       |    38 |   194 |       ||   232
Dodge: Dodged            |    28 |    30 |    79 |   175 |   427 ||   739
Block: Shield            |    55 |    34 |   224 |   479 |  1326 ||  2118
       Reflection        |       |       |     1 |     8 |    68 ||    77
